 Seeded DCSS version 0.28-a0-984-g3775c662fe (webtiles) character file.

Game seed: 12130800008223909736 (custom seed)

193552 croobank the Slayer (level 18, -14/182 HPs)
             Began as a Minotaur Berserker on Dec 3, 2021.
             Was a High Priest of Trog.
             Demolished by a hell knight (24 damage)
             ... on level 2 of the Depths.
             The game lasted 04:58:25 (24081 turns).

croobank the Slayer (Minotaur Berserker)           Turns: 24081, Time: 04:58:40

Health: -14/182    AC: 32    Str: 23    XL:     18   Next: 7%
Magic:  5/5        EV: 17    Int:  4    God:    Trog [*****.]
Gold:   988        SH:  0    Dex: 20    Spells: 17/17 levels left

rFire   + + +      SeeInvis .   T - +4 lajatang (antimagic)
rCold   x x .      Faith    .   (shield currently unavailable)
rNeg    + . .      Spirit   .   B - +9 plate armour {rPois}
rPois   +          Reflect  .   (helmet restricted)
rElec   .          Harm     .   (no cloak)
rCorr   .          Rampage  .   G - +2 pair of gloves {Dex+3}
Will    +....                   t - +0 pair of boots
Stlth   ..........              j - amulet of the Ego {rF+ rN+ Regen+}
HPRegen 1.20/turn               Y - ring of fire
MPRegen 0.09/turn               i - ring of fire

@: on berserk cooldown, slowed, studying Armour, very slow
A: horns 2, retaliatory headbutt
a: Renounce Religion, Berserk, Trog's Hand, Brothers in Arms


You were on level 2 of the Depths.
You worshipped Trog.
Trog was extremely pleased with you.
You visited 5 branches of the dungeon, and saw 26 of its levels.
You also visited: Bailey.

You collected 3405 gold pieces.
You spent 2417 gold pieces at shops.

Inventory:

Hand Weapons
 a - the +3 lajatang of Linyixtu {freeze, *Slow Will+ Str+2 Dex+3}
   (You acquired it on level 5 of the Dungeon)

   It freezes those it strikes, dealing additional cold damage.
   It can also slow down cold-blooded creatures.
   Str:       It affects your strength (+2).
   Dex:       It affects your dexterity (+3).
   *Slow:     It may slow you when you take damage.
   Will:      It increases your willpower.
 b - a +2 vorpal hunting sling
 e - the +4 lajatang of Autumn {vorpal, Will++}
   (Trog gifted it to you on level 13 of the Dungeon)

   It inflicts extra damage upon your enemies.
   Will:      It greatly increases your willpower.
 v - a +1 antimagic flail
 z - a +2 vorpal battleaxe
 E - a +6 hand axe
 T - a +4 antimagic lajatang (weapon)
 W - a +2 demon trident of flaming
 Z - a +4 quarterstaff of flaming
Missiles
 c - 45 poisoned darts
 n - 2 atropa-tipped darts
 q - 216 sling bullets
 u - 4 curare-tipped darts
Armour
 l - a +0 chain mail of cold resistance
 o - a scarf of invisibility
 t - a +0 pair of boots (worn)
 A - a +1 buckler of positive energy
 B - a +9 plate armour of poison resistance (worn)
 G - a +2 pair of gloves of dexterity (worn)
 N - the +1 leather armour of Resonance {rF+ Will+}
   (You found it on level 5 of the Lair of Beasts)

   rF:        It protects you from fire.
   Will:      It increases your willpower.
Jewellery
 h - the ring "Vostor" {rPois Dex+4 Slay+2}
   (You took it off an orc in a bailey)

   [ring of poison resistance]

   Dex:       It affects your dexterity (+4).
   Slay:      It affects your accuracy & damage with ranged weapons and melee
   (+2).
   rPois:     It protects you from poison.
 i - a ring of fire (right hand)
 j - the amulet of the Ego (around neck) {rF+ rN+ Regen+}
   (You bought it in a shop on level 1 of the Depths)

   [amulet of regeneration]

   rF:        It protects you from fire.
   rN:        It protects you from negative energy.
   Regen:     It increases your rate of health regeneration.
 k - a ring of positive energy
 m - a +4 ring of evasion
 w - a ring of ice
 H - a ring of see invisible
 J - a ring of resist corrosion
 P - the ring "Etoofag" {rN+++ rCorr MP-9 Str+3 Dex-2}
   (You acquired it on level 2 of the Orcish Mines)

   [ring of resist corrosion]

   Str:       It affects your strength (+3).
   Dex:       It affects your dexterity (-2).
   rN:        It renders you almost immune to negative energy.
   MP:        It affects your magic capacity (-9).
   rCorr:     It protects you from acid and corrosion.
 Y - a ring of fire (left hand)
Wands
 s - a wand of iceblast (13)
 I - a wand of paralysis (17)
 Q - a wand of flame (5)
 S - a wand of polymorph (10)
 V - a wand of mindburst (2)
Scrolls
 p - 5 scrolls of magic mapping
 r - 4 scrolls of immolation
 x - 4 scrolls of teleportation
 y - 4 scrolls of fog
 C - 2 scrolls of identify
 F - 3 scrolls of holy word
Potions
 f - a potion of invisibility
 g - 6 potions of flight
 L - 2 potions of resistance
 O - 3 potions of heal wounds
 R - 7 potions of curing
 U - 2 potions of cancellation
 X - a potion of attraction


   Skills:
 - Level 21.0 Fighting
 - Level 6.9(7.0) Axes
 - Level 1.3(10.7) Polearms
 - Level 15.0 Staves
 - Level 3.3(3.5) Slings
 - Level 1.2(2.3) Throwing
 - Level 17.9 Armour
 + Level 17.2 Dodging
 - Level 5.9 Stealth
 - Level 4.0 Shields


You had 17 spell levels left.
You didn't know any spells.
Your spell library was empty.

Dungeon Overview and Level Annotations

Branches:
Dungeon (15/15)            Temple (0/1) D:4            Lair (6/6) D:10
  Swamp (1/4) Lair:3        Snake (0/4) Lair:4        Slime (0/5) Lair:6
    Orc (2/2) D:11            Elf (0/3) Orc:2        Vaults (0/5) D:14
 Depths (2/4) D:15         Bailey (visited)

Altars:
Dithmenos
Elyvilon
Ru
Sif Muna
Yredelemnul
Beogh
Jiyva

Shops:
D:6 =*[(   D:7 **(   D:9 *   D:12 !   Orc:2 =![[   Depths:1 =   Depths:2 ==:

Portals:
Hell: Depths:1
Abyss: Depths:2
Ziggurat: Depths:2

Annotations:
Lair:1 exclusion: oklob plant
Lair:6 3 runed translucent doors, Igaqag's ghost, journeyman TrMo
Orc:1 exclusion: oklob plant


Innate Abilities, Weirdness & Mutations

You have a pair of horns on your head.
You reflexively headbutt those who attack you in melee.


Message History

You slash the spriggan berserker simulacrum!
The spriggan berserker simulacrum is severely damaged.
The hell knight completely misses you.
The spriggan rider hits you but does no damage.
The necromancer misses you. You furiously retaliate!
You headbutt the necromancer!!
You kill the necromancer!
Trog accepts your kill.
Trog appreciates your killing of a magic user.
A freezing mist starts to gather...
The spriggan rider barely misses you.
The frost giant hits you with a +2 battleaxe of freezing!
* * * LOW HITPOINT WARNING * * *
The frost giant freezes you.
* * * LOW HITPOINT WARNING * * *
A necromancer simulacrum comes into view.
Unknown command.
You miss the spriggan berserker simulacrum.
The spriggan berserker simulacrum is severely damaged.
The spriggan rider's soul is no longer bound.
The spriggan berserker simulacrum barely misses you.
You furiously retaliate!
You headbutt the spriggan berserker simulacrum!
The spriggan berserker simulacrum vaporises!
The hell knight simulacrum hits you.
* * * LOW HITPOINT WARNING * * *
The hell knight simulacrum freezes you!!
You feel a terrible chill!
* * * LOW HITPOINT WARNING * * *
Really walk into that cloud of freezing vapour? [Y]es or [N]o only, please.
Really walk into that cloud of freezing vapour?
Okay, then.
You are too berserk!
You cut the hell knight simulacrum into ribbons!!!
The hell knight simulacrum vaporises!
You are no longer berserk.
You are exhausted.
You feel yourself slow down.
The hell knight hits you with a +4 battleaxe of flaming!!
You die...

#######################..
.....>.......).☼pCiZ.....
###............○@pi......
♣♣################i.####.
.♣♣ ..# ∩.♣♣ ..# ..P♣ i.#
.∩.♣ ... ..P♣ .i.. ∩.♣♣
.... .♣♣


You could see a frost giant (soul bound), a hell knight (fast, soul bound), 3
spriggan riders, a necromancer (soul bound) and a necromancer simulacrum.

Vanquished Creatures
  Jorgrun (D:14)
  Rupert (D:14)
  2 fire giants
  An orc warlord (Bailey)
  2 frost giants
  Louise (D:14)
  8 very ugly things
  4 stone giants
  A vampire knight (D:15)
  Azrael (D:14)
  Snorg (D:14)
  3 ettins
  A great orb of eyes (Depths:1)
  4 fire dragons
  A spriggan air mage (Depths:1)
  2 rakshasas
  5 boulder beetles
  10 hydras
  6 centaur warriors
  2 ice dragons
  A catoblepas (Lair:6)
  A merfolk avatar (Lair:6)
  3 two-headed ogres
  2 dancing weapons (D:13)
  6 death yaks
  5 deep troll shamans
  6 tengu warriors (D:15)
  A deep troll earth mage (Depths:1)
  8 orc high priests
  6 hell knights
  Nergalle (Lair:2)
  4 spriggan berserkers
  3 spriggans
  4 iron trolls
  5 skeletal warriors (D:13)
  5 deep trolls
  A deep elf pyromancer (D:11)
  2 phantasmal warriors (D:15)
  Pikel (D:8)
  5 necromancers
  4 wizards
  2 harpies (Lair:6)
  6 orc knights
  2 orc sorcerers
  15 ugly things
  6 manticores
  6 cyclopes
  Maurice (D:12)
  6 elephants
  6 black mambas
  A frost giant skeleton (Depths:2)
  A torpor snail (Lair:6)
  Joseph (D:10)
  3 gargoyles
  Maggie (D:7)
  11 cane toads
  A kobold demonologist (D:12)
  14 komodo dragons
  4 unseen horrors
  6 tengu conjurers
  7 rime drakes
  A freezing wraith (D:13)
  12 trolls
  6 polar bears
  A polar bear (shapeshifter) (D:14)
  6 slime creatures
  5 hornets
  2 snapping turtles (Lair:6)
  15 blink frogs
  A centaur simulacrum (D:15)
  Sigmund (D:5)
  A shadow (D:11)
  Eustachio (D:5)
  60 yaks
  6 water elementals
  6 wyverns
  A human (shapeshifter) (D:14)
  4 fire bats (Depths:1)
  6 basilisks
  A hog (shapeshifter) (D:15)
  2 wraiths (D:11)
  4 fire elementals (D:14)
  16 vampire mosquitoes
  7 steam dragons
  A two-headed ogre zombie (D:11)
  2 nagas (Lair:4)
  8 wargs (Orc:2)
  An acid dragon (D:13)
  Pargi (D:3)
  9 water moccasins
  An ice beast (D:7)
  22 orc warriors
  4 sky beasts
  6 black bears
  4 ogres
  A necrophage (D:6)
  7 centaurs
  22 wolves
  A phantom (D:11)
  3 kobold brigands (D:12)
  7 bullfrogs
  A wyvern zombie (D:8)
  A gnoll sergeant (D:7)
  A troll zombie (D:11)
  A killer bee (D:11)
  3 wights (D:7)
  2 howler monkeys
  3 centaur zombies
  2 jellies
  4 hounds
  A bullfrog skeleton (D:6)
  31 orc priests
  4 gnoll shamans
  Jessica (D:3)
  An iguana (D:6)
  11 orc wizards
  6 ogre zombies (D:11)
  A hound zombie (D:5)
  A howler monkey zombie (D:9)
  A howler monkey skeleton (D:7)
  41 gnolls
  4 adders
  A shadow imp (D:5)
  A white imp (D:6)
  An ufetubus (D:5)
  An adder zombie (D:5)
  2 worms
  4 dart slugs
  71 orcs
  3 endoplasms (D:1)
  2 giant cockroaches
  22 goblins
  20 hobgoblins
  3 quokkas
  2 ball pythons (D:2)
  3 bats
  2 frilled lizards
  A goblin zombie (D:11)
  3 hobgoblin zombies (D:11)
  8 kobolds
  An orc skeleton (D:11)
  20 orc zombies (D:11)
  3 rats
791 creatures vanquished.

Vanquished Creatures (collateral kills)
  6 ugly things (D:15)
  A mana viper (shapeshifter) (D:13)
  A manticore (Lair:6)
  A komodo dragon (Lair:6)
  A wind drake (Lair:6)
  2 wyverns (Lair:6)
  A yak (Lair:6)
  A basilisk (D:13)
  A steam dragon (Lair:6)
15 creatures vanquished.

Vanquished Creatures (others)
  70 fungi
  111 plants
181 creatures vanquished.

Grand Total: 987 creatures vanquished

Notes
Turn   | Place    | Note
-------+----------+-------------------------------------------
     0 | D:1      | croobank the Minotaur Berserker began the quest for the
                  | Orb.
     0 | D:1      | Reached XP level 1. HP: 19/19 MP: 0/0
   234 | D:1      | Reached XP level 2. HP: 27/27 MP: 1/1
   256 | D:1      | Reached skill level 4 in Fighting
   814 | D:2      | Reached XP level 3. HP: 33/33 MP: 2/2
  1022 | D:2      | Reached ** piety under Trog
  1476 | D:3      | Noticed Pargi
  1483 | D:3      | Killed Pargi
  1484 | D:3      | Reached skill level 5 in Axes
  1484 | D:3      | Reached skill level 1 in Slings
  1484 | D:3      | Reached XP level 4. HP: 31/41 MP: 3/3
  1484 | D:3      | Reached XP level 5. HP: 35/47 MP: 4/4
  1832 | D:3      | Noticed Jessica
  1846 | D:3      | Killed Jessica
  2490 | D:4      | Found a white marble altar of Elyvilon.
  2544 | D:4      | Reached skill level 5 in Fighting
  2547 | D:4      | Reached skill level 1 in Stealth
  2594 | D:4      | Noticed a black bear
  2604 | D:4      | Killed a black bear
  2605 | D:4      | Reached XP level 6. HP: 44/56 MP: 5/5
  2681 | D:4      | Found a staircase to the Ecumenical Temple.
  3082 | D:5      | Entered Level 5 of the Dungeon
  3183 | D:5      | Noticed a sky beast
  3192 | D:5      | Killed a sky beast
  3324 | D:5      | Reached XP level 7. HP: 61/61 MP: 6/6
  3410 | D:5      | Noticed Sigmund
  3420 | D:5      | Killed Sigmund
  3421 | D:5      | Reached skill level 1 in Throwing
  3606 | D:6      | Noticed Eustachio
  3606 | D:6      | Found Wetiomp's General Store.
  3642 | D:5      | Identified 4 scrolls of acquirement
  3642 | D:5      | Acquired a +3 plate armour of poison resistance
  3645 | D:5      | Acquired the +3 lajatang of Linyixtu {freeze, *Slow Will+
                  | Str+2 Dex+3}
  3662 | D:5      | Killed Eustachio
  3663 | D:5      | Reached XP level 8. HP: 45/69 MP: 7/7
  3699 | D:6      | Reached skill level 5 in Staves
  3770 | D:6      | Found Ygyota's Weapon Shop.
  3797 | D:6      | Found Hicsephi's Antique Armour Boutique.
  3805 | D:6      | Bought a pair of glowing gloves for 172 gold pieces
  3852 | D:6      | Found Leclugu's Jewellery Shop.
  3874 | D:6      | Bought a ring of see invisible for 165 gold pieces
  4173 | D:7      | Noticed Maggie
  4197 | D:7      | Killed Maggie
  4326 | D:7      | Reached XP level 9. HP: 73/74 MP: 8/8
  4328 | D:7      | Reached skill level 10 in Staves
  4328 | D:7      | Found Mijiuple's Assorted Antiques.
  4399 | D:7      | Reached *** piety under Trog
  4450 | D:7      | Found Sostroc's General Store.
  4558 | D:7      | Found Hobu's Weapon Emporium.
  4932 | D:8      | Reached skill level 5 in Armour
  4960 | D:8      | Noticed a troll
  4974 | D:8      | Killed a troll
  5035 | D:8      | Found a shimmering blue altar of Sif Muna.
  5068 | D:8      | Noticed Pikel
  5074 | D:8      | Killed Pikel
  5075 | D:8      | Reached XP level 10. HP: 80/82 MP: 9/9
  5275 | D:8      | Found a sacrificial altar of Ru.
  5511 | D:9      | Acquired a +2 antimagic lajatang
  5527 | D:9      | Reached **** piety under Trog
  5531 | D:9      | Found Yqudeimu's Neck Hole.
  5617 | D:9      | Reached skill level 10 in Armour
  6045 | D:9      | Bought a scarf of invisibility for 192 gold pieces
  6071 | D:10     | Entered Level 10 of the Dungeon
  6148 | D:10     | Found a staircase to the Lair.
  6181 | D:10     | Reached XP level 11. HP: 35/88 MP: 10/10
  6486 | D:10     | Noticed Joseph
  6499 | D:10     | Killed Joseph
  6722 | D:10     | Found a basalt altar of Yredelemnul.
  6826 | Lair:1   | Entered Level 1 of the Lair of Beasts
  7035 | Lair:1   | Reached ***** piety under Trog
  7358 | Lair:1   | Noticed a five-headed hydra
  7372 | Lair:1   | Killed a five-headed hydra
  7373 | Lair:1   | Reached skill level 15 in Armour
  7488 | Lair:1   | Noticed an oklob plant
  8111 | Lair:2   | Upgraded the game from 0.28-a0-983-g1de4e0787c to
                  | 0.28-a0-984-g3775c662fe
  8215 | Lair:2   | Reached XP level 12. HP: 92/94 MP: 11/11
  8283 | Lair:2   | Received a gift from Trog
  8309 | Lair:2   | Noticed Nergalle
  8327 | Lair:2   | Killed Nergalle
  9149 | Lair:3   | Reached XP level 13. HP: 101/101 MP: 12/12
  9197 | Lair:3   | Reached skill level 6 in Fighting
  9250 | Lair:3   | You fall into a shaft and drop 3 floors!
  9250 | Lair:6   | Entered Level 6 of the Lair of Beasts
  9288 | Lair:5   | Reached skill level 7 in Fighting
  9619 | Lair:3   | Found a staircase to the Swamp.
  9626 | Lair:3   | Reached skill level 8 in Fighting
  9677 | Swamp:1  | Entered Level 1 of the Swamp
 10115 | Lair:4   | Reached skill level 9 in Fighting
 10154 | Lair:4   | Found a staircase to the Snake Pit.
 10210 | Lair:3   | Reached skill level 10 in Fighting
 10287 | Lair:4   | Reached skill level 11 in Fighting
 10518 | Lair:4   | Reached XP level 14. HP: 122/125 MP: 13/13
 10941 | Lair:5   | Reached skill level 12 in Fighting
 11552 | Lair:5   | Identified the +1 leather armour of Resonance {rF+ Will+}
 11584 | Lair:6   | Reached skill level 13 in Fighting
 11678 | Lair:6   | Received a gift from Trog
 11707 | Lair:6   | Reached skill level 14 in Fighting
 11969 | Lair:6   | Found a runed translucent gate.
 11970 | Lair:6   | Found a runed translucent gate.
 11971 | Lair:6   | Found a runed translucent gate.
 11971 | Lair:6   | Noticed Igaqag's ghost (journeyman TrMo)
 12001 | Lair:6   | Reached skill level 15 in Fighting
 12310 | Lair:6   | Found a staircase to the Slime Pits.
 12311 | Lair:6   | Found a viscous altar of Jiyva.
 12651 | Lair:6   | Reached skill level 16 in Fighting
 13221 | D:11     | Found a staircase to the Orcish Mines.
 13275 | D:11     | Received a gift from Trog
 13651 | D:11     | Reached skill level 17 in Fighting
 14072 | D:11     | Reached skill level 18 in Fighting
 14082 | D:11     | Reached XP level 15. HP: 134/149 MP: 4/14
 14440 | Orc:1    | Entered Level 1 of the Orcish Mines
 14440 | Orc:1    | You fall into a shaft and drop 1 floor!
 14440 | Orc:2    | Entered Level 2 of the Orcish Mines
 14882 | Orc:2    | Received a gift from Trog
 14905 | Orc:2    | Found a staircase to the Elven Halls.
 14969 | Orc:2    | Found Cashrasut's Jewellery Shop.
 14969 | Orc:2    | Found Teoxti's Distillery.
 15094 | Orc:2    | Reached ****** piety under Trog
 15195 | Orc:2    | Found Bomohov's Antique Armour Shop.
 15195 | Orc:2    | Found Etuas's Armour Shoppe.
 15218 | Orc:2    | Bought a runed buckler for 195 gold pieces
 15342 | Orc:2    | Reached skill level 1 in Shields
 15366 | Orc:2    | Acquired the ring "Etoofag" {rN+++ rCorr MP-9 Str+3 Dex-2}
 15497 | Orc:2    | Received a gift from Trog
 15974 | Orc:2    | Bought a ring of resist corrosion for 300 gold pieces
 15974 | Orc:2    | Bought a ring of ice for 375 gold pieces
 16071 | Orc:2    | Bought a potion of berserk rage for 75 gold pieces
 16071 | Orc:2    | Bought a potion of might for 60 gold pieces
 16353 | D:12     | Reached skill level 1 in Polearms
 16367 | D:12     | Found a frozen archway.
 16577 | D:12     | Noticed Maurice
 16589 | D:12     | Killed Maurice
 16788 | D:12     | Found a flagged portal.
 16836 | Bailey   | Entered a bailey
 17107 | Bailey   | Noticed an orc warlord
 17125 | Bailey   | HP: 5/225 [orc knight (26)]
 17135 | Bailey   | HP: 5/150 [orc knight (9)]
 17148 | Bailey   | HP: 1/150 [orc warrior (15)]
 17275 | Bailey   | Killed an orc warlord
 17276 | Bailey   | Reached skill level 15 in Staves
 17398 | Bailey   | Identified the ring "Vostor" {rPois Dex+4 Slay+2}
 17561 | Bailey   | Reached skill level 5 in Stealth
 17561 | Bailey   | Reached XP level 16. HP: 159/159 MP: 15/15
 17577 | D:12     | Reached skill level 10 in Dodging
 17685 | D:12     | Found Vein's Distillery.
 17693 | D:12     | Bought a potion of curing for 42 gold pieces
 17693 | D:12     | Bought a potion of heal wounds for 70 gold pieces
 18053 | D:13     | Reached skill level 19 in Fighting
 18524 | D:13     | Identified the +4 lajatang of Autumn {vorpal, Will++} (Trog
                  | gifted it to you on level 13 of the Dungeon)
 18524 | D:13     | Received a gift from Trog
 18832 | D:14     | Found a gate to the Vaults.
 18884 | D:14     | Noticed Azrael
 18890 | D:14     | Killed Azrael
 18924 | D:14     | Noticed Jorgrun
 18931 | D:14     | Noticed Rupert
 18940 | D:14     | Killed Jorgrun
 18941 | D:14     | Reached skill level 20 in Fighting
 18951 | D:14     | Killed Rupert
 19134 | D:14     | Found a white marble altar of Elyvilon.
 19244 | D:14     | Noticed Louise
 19262 | D:14     | Killed Louise
 19311 | D:14     | Noticed Snorg
 19316 | D:14     | Killed Snorg
 19409 | D:14     | Reached XP level 17. HP: 171/171 MP: 16/16
 20024 | D:15     | Entered Level 15 of the Dungeon
 20458 | D:15     | Reached skill level 21 in Fighting
 20809 | D:15     | Found a staircase to the Depths.
 20936 | D:15     | Acquired a manual of Armour
 20969 | Depths:1 | Entered Level 1 of the Depths
 21414 | Depths:1 | Found a shadowy altar of Dithmenos.
 21946 | Depths:1 | Reached skill level 15 in Dodging
 21975 | Depths:1 | Found Misog's Jewellery Shop.
 21990 | Depths:1 | Acquired 859 gold pieces
 21992 | Depths:1 | Bought the amulet of the Ego {rF+ rN+ Regen+} for 771 gold
                  | pieces
 22180 | Depths:1 | HP: 6/173 [spriggan berserker (31)]
 22742 | Depths:1 | Noticed a titan
 22847 | Depths:1 | Identified the +4 lajatang of a bailey {antimagic, Will+}
                  | (Trog gifted it to you on level 1 of the Depths)
 22847 | Depths:1 | Received a gift from Trog
 23009 | Depths:1 | Noticed a caustic shrike
 23051 | Depths:1 | Found a gateway to Hell.
 23092 | Depths:1 | Identified the +4 dagger "Tanipn" {vamp, rF+ Stlth+}
 23753 | Depths:2 | Paralysed by a great orb of eyes for 6 turns
 23784 | Depths:1 | Reached XP level 18. HP: 91/182 MP: 5/17
 23946 | Depths:2 | Found a gateway to a ziggurat.
 23977 | Depths:2 | Found a one-way gate to the infinite horrors of the Abyss.
 23989 | Depths:2 | Found Qackus's Book Emporium.
 23989 | Depths:2 | Found Qal Tepu's Jewellery Shop.
 23990 | Depths:2 | Found Oskixkab's Jewellery Shop.
 24081 | Depths:2 | Demolished by a hell knight

Illustrated notes

Levels and vault maps discovered:
D:1:      minmay_arrival_checkered_box, layout_basic, minmay_pentomino_q2
D:2:      layout_loops_cross
D:3:      layout_loops_corners, serial_bayou, serial_bayou_pond_c,
          serial_bayou_lagoon_b, serial_bayou_pond_c, serial_bayou_pond_e,
          uniq_pargi, uniq_jessica
D:4:      layout_basic, marbit_many_paths, minmay_temple_entry_enclosed_plants,
          hex_intersection
D:5:      layout_rooms, uniq_sigmund
D:6:      layout_rooms, serial_shops, shop, nicolae_diamond_shop,
          nicolae_shop_advertising_works [nicolae_subvault_shop_adworks], shop,
          chequers_serial_rivers_micro_a, uniq_eustachio
D:7:      layout_cave_pools, serial_gnoll_camp, gnoll_camp_mini_shop,
          gnoll_camp_mini_loothouse, gnoll_camp_mini_sergeant,
          gnoll_camp_mini_shop, serial_shops, kennysheep_little_box, uniq_maggie
D:8:      layout_basic, lemuel_round_altar, mainiacjoe_overflow_catwalk,
          uniq_pikel
D:9:      layout_cave_pools, nicolae_shop_sticking_my_neck_out
D:10:     layout_roguey, general_overflow_altar, due_lair_maze_entry_diamond,
          uniq_joseph
D:11:     minmay_quarter_circles, layout_small_grid, zombieorc2_lemuel,
          bh_hangedman_babel_library
D:12:     layout_stronghold, portal_ice_cave_rime, serial_shops, shop,
          enter_bailey_4, uniq_maurice
D:13:     minmay_blocking_statues, layout_rooms,
          eino_small_chamber_without_monster, nrook_mini_backslash
D:14:     layout_basic, erik_vaults_1, elyvilon_altar_5, uniq_louise,
          uniq_snorg, uniq_azrael, uniq_rupert, uniq_jorgrun
D:15:     grunt_enter_depths_snipers, layout_basic, minmay_door_square
Lair:1:   layout_loops_ring, minmay_lair_oklob_items, lemuel_old_faithful,
          serial_bayou_shore_b
Lair:2:   layout_cave_pods, beast_lair_carwin_3, uniq_nergalle
Lair:3:   layout_cave_pods, minmay_swamp_entry_swarm, st_stairs_8
Lair:4:   layout_concentric_octagons, guppyfry_snake_entry_garden
Lair:5:   layout_gridlike, nicolae_volcano_entry_lava_flow,
          chequers_serial_rivers_marsh
Lair:6:   gammafunk_lair_ancient_temple, layout_big_grid, slime_altar_1,
          gammafunk_ghost_split, chequers_serial_rivers_small_3
Swamp:1:  layout_falls_marsh, evilmike_swamp_ruin_rubble_1,
          infiniplex_staircase_pool_2
Orc:1:    layout_caves, mines3_lemuel
Orc:2:    st_orc_town, layout_caves
Depths:1: layout_cave_pools, serial_shops, nicolae_shop_waterfront,
          nicolae_dithmenos_shadow_blocks, grunt_hell_entry_dis_grunt,
          kennysheep_cross_bottleneck, nicolae_lava_and_water, minivault_12
Depths:2: evilmike_iron_armoury, layout_small_grid, enter_ziggurat_e, pan_entry,
          glass_columns_c, hell_entry, abyss_entry_small_statue_room,
          roderic_roman_lattice, minmay_shop_grove

Skill      XL: |  1  2  3  4  5  6  7  8  9 10 11 12 13 14 15 16 17 18 |
---------------+-------------------------------------------------------+-----
Axes           | 4 5 6 |  6.9
Fighting       | 4 5 11 18 20 21 | 21.0
Slings         | 1 2 3 |  3.3
Stealth        | 1 5 |  5.9
Armour         | 3 4 6 11 16 17 | 17.9
Dodging        | 3 9 11 16 17 | 17.2
Throwing       | 1 |  1.2
Staves         | 4 9 13 14 15 | 15.0
Shields        | 4 |  4.0
Polearms       | 1 |  1.3

Action                   |  1- 3 |  4- 6 |  7- 9 | 10-12 | 13-15 | 16-18 || total
-------------------------+-------+-------+-------+-------+-------+-------++-------
Melee: Hand axe          |    66 |    66 |       |       |       |       ||   132
       Headbutt          |    13 |    16 |    53 |   123 |   286 |   267 ||   758
       War axe           |       |     6 |    33 |       |       |       ||    39
       Lajatang          |       |       |   140 |   364 |   949 |   688 ||  2141
       Short sword       |       |       |       |    24 |       |       ||    24
       Quarterstaff      |       |       |       |       |    79 |    29 ||   108
Throw: Dart              |       |     6 |    12 |     9 |     9 |       ||    36
       Throwing net      |       |     1 |       |     1 |       |       ||     2
Invok: Berserk           |     1 |     2 |     3 |       |     1 |     2 ||     9
       Trog's Hand       |       |       |     1 |       |     1 |     1 ||     3
       Brothers in Arms  |       |       |       |       |     2 |     4 ||     6
Evoke: Wand              |       |       |       |     4 |    19 |     6 ||    29
  Use: Scroll            |     1 |     2 |     3 |     6 |    21 |    14 ||    47
       Potion            |       |     1 |     1 |     6 |    15 |     9 ||    32
 Stab: Sleeping          |     1 |       |       |       |       |       ||     1
       Paralysed         |       |       |       |     4 |     4 |       ||     8
       Distracted        |       |       |       |       |       |     1 ||     1
       Invisible         |       |       |       |       |       |     4 ||     4
Armor: Animal skin       |    12 |     2 |       |       |       |       ||    14
       Robe              |       |     4 |       |       |       |       ||     4
       Ring mail         |       |    13 |    28 |       |       |       ||    41
       Plate armour      |       |       |    74 |   235 |   552 |   531 ||  1392
Dodge: Dodged            |    35 |    29 |   102 |   163 |   585 |   567 ||  1481

Table legend: (Time is in decaauts)
 A = Elapsed time spent in this place.
 B = Non-inter-level travel time spent in this place.
 C = Inter-level travel time spent in this place.
 D = Time resting spent in this place.
 E = Time spent auto-exploring this place.
 F = Levels seen in this place.
 G = Mean time per level.
                   A        B        C        D        E       F      G
               +--------+--------+--------+--------+--------+-----+--------+
         Total |  23648 |  22731 |    917 |   2017 |  13440 |  27 |  875.9 |
       Dungeon |  12871 |  12447 |    424 |    947 |   8133 |  15 |  858.1 |
          Lair |   6186 |   5828 |    358 |    502 |   3709 |   6 | 1031.0 |
         Swamp |      1 |      1 |      0 |      0 |      0 |   1 |    1.0 |
  Orcish Mines |   1776 |   1698 |     78 |     41 |    708 |   2 |  888.0 |
        Depths |   2106 |   2050 |     56 |    450 |    614 |   2 | 1053.0 |
        Bailey |    706 |    706 |      0 |     77 |    275 |   1 |  706.0 |
               +--------+--------+--------+--------+--------+-----+--------+

Top non-repeatable levels by time:
Depths:1: 1833 daAuts
    D:15: 1810 daAuts
   Orc:2: 1301 daAuts
    D:11: 1271 daAuts
  Lair:6: 1255 daAuts
  Lair:2: 1180 daAuts
    D:14: 1160 daAuts
  Lair:3: 1116 daAuts
  Lair:1: 1047 daAuts
    D:12: 957 daAuts
     D:3: 923 daAuts
  Lair:5: 913 daAuts
    D:13: 790 daAuts
     D:1: 783 daAuts
    D:10: 743 daAuts
